 Seeded DCSS version 0.28.0-62-gf88900778d (webtiles) character file.

Game seed: 15618603137136116407 (custom seed)

9 Nonny the Caller (level 2, 12/20 HPs)
             Began as a Minotaur Summoner on Mar 17, 2023.
             Quit the game on level 1 of the Dungeon.
             The game lasted 00:03:00 (455 turns).

Nonny the Caller (Minotaur Summoner)                 Turns: 455, Time: 00:03:01

Health: 12/20      AC:  6    Str: 16    XL:     2   Next: 6%
Magic:  3/3        EV: 12    Int: 16    God:
Gold:   21         SH:  0    Dex: 14    Spells: 3/4 levels left

rFire   . . .      SeeInvis .   b - +0 short sword
rCold   . . .      Faith    .   (no shield)
rNeg    . . .      Spirit   .   h - +4 robe of Augmentation {Str+4 Int+4 Dex+4}
rPois   .          Reflect  .   (helmet restricted)
rElec   .          Harm     .   (no cloak)
rCorr   .          Rampage  .   (no gloves)
Will    .....                   (no boots)
Stlth   ++........              (no amulet)
HPRegen 0.06/turn               (no ring)
MPRegen 0.08/turn               (no ring)

@: no status effects
A: horns 2, retaliatory headbutt
a: no special abilities


You were on level 1 of the Dungeon.
You visited 1 branch of the dungeon, and saw 2 of its levels.

You collected 21 gold pieces.

Inventory:

Hand Weapons
 b - a +0 short sword (weapon)
Armour
 h - the +4 robe of Augmentation (worn) {Str+4 Int+4 Dex+4}
   (You found it on level 2 of the Dungeon)

   Str:       It affects your strength (+4).
   Int:       It affects your intelligence (+4).
   Dex:       It affects your dexterity (+4).
Scrolls
 c - 2 scrolls of teleportation {unknown}
 d - a scroll of immolation {unknown}
 f - a scroll of identify {unknown}
 g - a scroll of blinking {unknown}
Potions
 e - a potion of berserk rage {unknown}


   Skills:
 + Level 2.2 Dodging
 + Level 1.5 Stealth
 + Level 1.5 Spellcasting
 + Level 3.2 Summonings


You had 3 spell levels left.
You knew the following spells:

 Your Spells              Type           Power      Damage    Failure   Level
a - Summon Small Mammal   Summ           44%        N/A       6%          1

Your spell library contained the following spells:

 Spells                   Type           Power      Damage    Failure   Level
 Call Imp                 Summ           11%        N/A       9%          2
 Call Canine Familiar     Summ           11%        N/A       17%         3
 Summon Guardian Golem    Hex/Summ       6%         N/A       32%         3
 Summon Lightning Spire   Summ/Air       6%         N/A       73%         4


Dungeon Overview and Level Annotations

Branches:
Dungeon (2/15)

Altars:

Annotations:
D:2 Terence


Innate Abilities, Weirdness & Mutations

You have a pair of horns on your head.
You reflexively headbutt those who attack you in melee.


Message History

You hit the frilled lizard.
You kill the frilled lizard!
You see here a frilled lizard corpse.
A kobold comes into view. It is wielding a +0 whip.
You see here a frilled lizard corpse.
There is a stone staircase leading down here.
You start removing your armour.
You continue taking off your +0 robe. x4
You finish taking off your +0 robe.
You start putting on your armour.
You continue putting on the +4 robe of Augmentation {Str+4 Int+4 Dex+4}. x5
You finish putting on the +4 robe of Augmentation {Str+4 Int+4 Dex+4}.
You feel stronger.
You feel clever.
You feel agile.
You drop a +0 robe.
Unknown command.
Okay, then.
The helpless kobold fails to defend itself.
You hit the kobold.
The kobold is severely wounded.
The kobold closely misses you.
You hit the kobold.
You kill the kobold!
You have reached level 2!
Things that are here:
a +0 whip; a kobold corpse
a - a +0 whip
a - a +0 whip (weapon)
b - a +0 short sword (weapon)
You drop a +0 whip.
A bat comes into view.
The bat hits you but does no damage.
You closely miss the bat. The bat barely misses you.
The bat closely misses you. The bat hits you. The bat barely misses you.
The bat hits you but does no damage. x2
The bat closely misses you. You furiously retaliate!
You headbutt the bat!
You kill the bat!
You open the door.
There is an open door here.
Are you sure you want to abandon this character and quit the game? (Confirm with "yes".)

### #.# #.##########
..#........#
#.#.######.# #.#.# #.#
#.#.# #.# #@#.# #.#
#.#.# #.#
####.#.#.######.#
.........>.......##
#####.#.#[†.......######
#.#.#.........'....# #
#.#.........####.#
#.#.........#.##.#
#)...#......#....#


There were no monsters in sight!

Vanquished Creatures
  A worm (D:2)
  2 bats
  A hobgoblin (D:1)
  A kobold (D:1)
  A ball python (D:2)
  A frilled lizard (D:1)
7 creatures vanquished.

Notes
Turn   | Place    | Note
-------+----------+-------------------------------------------
     0 | D:1      | Nonny the Minotaur Summoner began the quest for the Orb.
     0 | D:1      | Reached XP level 1. HP: 14/14 MP: 1/1
    39 | D:1      | Starting Vault: 4 different kinds of wall squares
    47 | D:1      | Reached skill level 3 in Summonings
   312 | D:2      | Found the +4 robe of Augmentation {Str+4 Int+4 Dex+4}
   318 | D:2      | Noticed Terence
   394 | D:1      | Reached XP level 2. HP: 9/20 MP: 3/3
   455 | D:1      | Quit the game

Illustrated notes

...# .# ...# ..## ..#
...# ..#######.#.#
#.#.......#.#
#.#.........
#.#####.###...#.######
#......@.............#
########.#####.#####.
#.#...#.#...#
####.#.<.'.#...#
.....#...#.#...#
#..#####.##'##.#
##.............#
#.##'##.#####.#
#...#.#...# #


Turn 39 on D:1: Starting Vault: 4 different kinds of wall squares

Levels and vault maps discovered:
D:1:      minmay_arrival_four_houses, layout_basic
D:2:      layout_basic, minmay_misc_feat_tiny, uniq_terence, uniq_jessica

Skill      XL: |  1 |
---------------+----+-----
Summonings     | 3 |  3.2
Dodging        | |  2.2
Stealth        | |  1.5
Spellcasting   | |  1.5

Action                   || total
-------------------------++-------
Melee: Short sword       ||    16
       Headbutt          ||     4
 Stab: Sleeping          ||     1
Armor: Robe              ||     6
Dodge: Dodged            ||    14
